AoeStats
← Eugenius

Fortress

508282882Analyzed
4v4 RM · 10d ago on Sep 21, 2026· 44m 55s· 8 players
Game mode
Random Map
Map size
Huge
Population
200
Speed
Normal
Resources
Standard
Victory
Conquest
Starting age
Dark Age
Ending age
Imperial Age
RankedLock teamsTeams togetherTeam positionsShared explorationLock speedFull tech treeHidden civsTurbo modeCheats
Victory
Defeat
🇷🇺 Aztecs · Russia
1756
+14
🇷🇺 Saracens · Russia
1709
+16
🇧🇾 Ethiopians · Belarus
1606
+20
🇷🇺 Khmer · Russia
1580
+20
🇺🇸 Italians · United States
1773
-21
🇲🇽 Gurjaras · Mexico
1711
-18
🇵🇪 Magyars · Peru
1686
-17
🇲🇽 Georgians · Mexico
1613
-14
[RUS-F]Believe_me
6:46 Feudal Age
10:45 Castle Age
9:02 Horse Collar
9:26 Double-Bit Axe
12:24 Bow Saw
14:08 Wheelbarrow
13:45 Heavy Plow
16:43 Hand Cart
16:57 Loom
41:29 Imperial Age
38:55 Fletching
38:47 Crossbowman
39:45 Bodkin Arrow
40:16 Padded Archer Armor
40:37 Gold Mining
41:46 Ballistics
42:30 Gold Shaft Mining
41:46 Stone Mining
41:36 Arbalester
42:23 Thumb Ring
42:19 Bracer
43:33 Chemistry
44:09 Leather Archer Armor
44:06 Masonry
44:38 Guilds
44:51 Caravan
45:33 Ring Archer Armor
SiraZaika
7:36 Feudal Age
8:11 Double-Bit Axe
10:34 Castle Age
9:26 Horse Collar
14:12 Wheelbarrow
14:35 Bow Saw
17:51 Bloodlines
18:15 Scale Barding Armor
18:21 Forging
19:37 Fletching
20:08 Loom
21:53 Chain Barding Armor
22:25 Bodkin Arrow
28:22 Loom
33:15 Heavy Plow
34:45 Hand Cart
35:38 Gold Mining
39:24 Imperial Age
37:43 Padded Archer Armor
37:49 Elite Skirmisher
39:40 Ballistics
40:24 Bracer
41:08 Scale Mail Armor
42:26 Leather Archer Armor
43:15 Chemistry
43:42 Plate Barding Armor
43:49 Iron Casting
43:26 Cavalier
44:07 Husbandry
[RUS-F] Dourdom
8:13 Feudal Age
12:19 Castle Age
10:47 Double-Bit Axe
10:55 Gold Mining
15:31 Imperial Age
15:04 Bow Saw
16:28 Sanctity
18:15 Block Printing
19:12 Illumination
21:26 Loom
22:26 Fervor
24:18 Wheelbarrow
23:51 Herbal Medicine
24:34 Atonement
26:09 Theocracy
27:07 Devotion
33:06 Horse Collar
36:58 Redemption
39:44 Fletching
40:21 Scale Mail Armor
42:04 Chain Mail Armor
42:17 Forging
42:04 Bodkin Arrow
42:15 Caravan
44:13 Hand Cart
44:34 Iron Casting
44:01 Bracer
Don_Maximiliano
7:26 Feudal Age
8:34 Double-Bit Axe
11:32 Castle Age
9:34 Horse Collar
13:05 Bow Saw
16:22 Loom
17:18 Wheelbarrow
17:00 Loom
19:40 Scale Barding Armor
19:51 Gold Mining
20:12 Forging
21:23 Hand Cart
21:32 Husbandry
22:37 Chain Barding Armor
24:01 Iron Casting
27:28 Imperial Age
27:29 Elite Mameluke
28:52 Plate Barding Armor
28:38 Conscription
29:21 Fletching
35:12 Coinage
36:10 Blast Furnace
35:05 Bodkin Arrow
37:48 Hoardings
37:22 Town Watch
39:34 Light Cavalry
40:24 Bloodlines
41:24 Caravan
40:50 Light Cavalry
41:29 Hussar
43:39 Heavy Camel Rider
César UAM
7:45 Feudal Age
8:54 Double-Bit Axe
11:31 Castle Age
9:43 Horse Collar
11:49 Bloodlines
15:07 Forging
19:22 Scale Barding Armor
21:39 Devotion
24:55 Husbandry
25:18 Chain Barding Armor
25:33 Iron Casting
25:04 Loom
26:33 Light Cavalry
34:10 Wheelbarrow
42:37 Hand Cart
Eugenius
8:51 Feudal Age
12:27 Castle Age
10:42 Bloodlines
10:41 Double-Bit Axe
10:37 Horse Collar
13:17 Corvinian Army
14:45 Husbandry
15:09 Scale Barding Armor
18:23 Chain Barding Armor
42:08 Loom
quesarito
5:11 Feudal Age
10:04 Castle Age
8:03 Horse Collar
8:45 Double-Bit Axe
9:55 Fletching
12:00 Bodkin Arrow
13:20 Ballistics
14:20 Padded Archer Armor
16:59 Wheelbarrow
17:45 Leather Archer Armor
21:25 Thumb Ring
22:14 Hand Cart
28:16 Imperial Age
26:14 Gold Mining
28:12 Loom
29:00 Bracer
30:09 Chemistry
30:50 Ring Archer Armor
31:38 Conscription
31:41 Fortified Wall
34:21 Bow Saw
35:24 Heavy Plow
§Y¶# Ä
1:14 Loom
4:46 Loom
6:57 Feudal Age
8:14 Horse Collar
13:09 Castle Age
12:31 Double-Bit Axe
28:00 Scale Barding Armor
33:56 Husbandry
35:57 Forging
38:44 Bloodlines
42:09 Imperial Age
40:40 Wheelbarrow
41:40 Chain Barding Armor
41:56 Iron Casting
41:53 Hand Cart
41:41 Town Watch
42:01 Light Cavalry
43:36 Plate Barding Armor
43:23 Conscription
43:09 Kshatriyas
43:15 Elite Shrivamsha Rider
43:40 Heavy Camel Rider
45:17 Frontier Guards
Connection lost

Rejoining the realm…

Still unreachable

The connection could not be restored.

Session expired

The server has moved on; the page needs a fresh start.